 Dungeon Crawl Stone Soup version 0.18-a0-1626-g65af6d3 (webtiles) character file.

98 namelastname112 the Skirmisher (level 4, -8/38 HPs)
             Began as a Draconian Wanderer on Mar 24, 2016.
             Killed by nerve-wracking pain
             ... invoked by Grinder
              (12 damage)
             ... while paralysed by Grinder
             ... on level 4 of the Dungeon.
             The game lasted 00:02:31 (2163 turns).

namelastname112 the Skirmisher (Draconian Wanderer) Turns: 2163, Time: 00:02:32

Health: -8/38      AC:  5    Str: 15    XL:     4   Next: 44%
Magic:  5/5        EV:  2    Int: 11    God:
Gold:   193        SH:  0    Dex: 12    Spells: 0 memorised, 5 levels left

rFire  . . .     SeeInvis .     g - +2 spear (flame)
rCold  . . .     Gourm    .     (armour unavailable)
rNeg   . . .     Faith    .     (no shield)
rPois  .         Spirit   .     (helmet restricted)
rElec  .         Dismiss  .     (no cloak)
rCorr  .         Reflect  .     (no gloves)
SustAt .         Harm     .     (no boots)
MR     .....     Rnd*Tele +     e - amulet of rage
Stlth  +++.......               n - ring of teleportation (curse)
                                q - ring of stealth

@: paralysed, not resistant to hostile enchantments, fairly stealthy
A: unfitting armour, cold-blooded, AC +5
a: Evoke Berserk Rage


You were on level 4 of the Dungeon.
You were not hungry.

You visited 1 branch of the dungeon, and saw 4 of its levels.

You collected 193 gold pieces.

Inventory:

Hand Weapons
 b - a +2 blowgun
 g - a +2 spear of flaming (weapon)
 u - a +0 vampiric dagger
Missiles
 a - 2 curare-tipped needles
 d - 12 poisoned needles
Jewellery
 e - an amulet of rage (around neck)
 n - a cursed ring of teleportation (right hand)
 q - a ring of stealth (left hand)
 B - an uncursed ring of see invisible
 C - an uncursed ring of ice
Wands
 A - a wand of lightning (9/15)
Scrolls
 l - 2 scrolls of fear {unknown}
 o - a scroll of noise {unknown}
 r - 5 scrolls of identify {unknown}
 y - a scroll of amnesia {unknown}
 z - 2 scrolls of random uselessness {unknown}
Potions
 h - a potion of degeneration {unknown}
 i - a potion of haste {unknown}
 j - a potion of ambrosia {unknown}
 m - a potion of flight {unknown}
 p - 3 potions of mutation {unknown}
 s - a potion of lignification {unknown}
 t - 4 potions of curing {unknown}
 v - a potion of invisibility {unknown}
 w - 2 potions of brilliance {unknown}
 x - a potion of might {unknown}
Books
 c - the Incunabulum of Aerial Self-Knowledge

   Spells                             Type                      Level
   a - Repel Missiles                 Charms/Air                   2
   b - Swiftness                      Charms/Air                   2
Comestibles
 f - 4 bread rations
 k - 3 meat rations
 D - 2 beef jerkies


   Skills:
 + Level 3.2 Fighting
 * Level 1.2 Short Blades
   Level 1.0 Axes
 - Level 1.0 Throwing
 + Level 2.1 Dodging
 * Level 2.1 Stealth
 - Level 1.0 Spellcasting
   Level 1.7 Hexes
   Level 2.0 Poison Magic


You had 5 spell levels left.
You didn't know any spells.

Dungeon Overview and Level Annotations

Branches:
Dungeon (4/15)
 Temple: D:4-7

Altars:
Makhleb

Annotations:
D:4 Grinder


Innate Abilities, Weirdness & Mutations

Your plain brown scales are hard (AC +5).
Your body does not fit into most forms of armour.
You are cold-blooded and may be slowed by cold attacks.


Message History

The helpless Grinder fails to defend himself.
You hit Grinder. You burn Grinder.
Grinder is lightly wounded.
Grinder gestures.
Grinder blinks!
You hit Grinder. You burn Grinder.
Grinder is moderately wounded.
Grinder gestures at you.
You suddenly lose the ability to move!
Grinder gestures at you. Pain shoots through your body! Grinder hits you.
You writhe in agony.
Grinder hits you but does no damage. Grinder hits you! x2
* * * LOW HITPOINT WARNING * * *
You writhe in agony.
* * * LOW HITPOINT WARNING * * *
Grinder gestures at you. Pain shoots through your body!
You die...

## #.## .# ..#
.!. .#####.##
..### .....#..#
#. ..#...
####..#.#....
.....#
#####.....#
#####....#
#..<...####
#.......#
..######
#..5....# #
#..@....#
#.......#
#.........#
#..........#
..............
.#.##..........
#. ###########
.


You could see Grinder.

Vanquished Creatures
  Ijyb (D:2)
  An adder (D:2)
  An adder skeleton (D:4)
  3 worms
  A dart slug (D:1)
  2 giant geckos (D:1)
  3 giant cockroaches
  4 hobgoblins
  2 quokkas
  3 ball pythons
  10 bats
  3 giant newts (D:1)
  7 goblins
  6 kobolds
  2 rats (D:1)
49 creatures vanquished.

Notes
Turn   | Place    | Note
--------------------------------------------------------------
     0 | D:1      | namelastname112 the Draconian Wanderer began the quest for the Orb.
     0 | D:1      | namelastname112 set off with: 2 curare-tipped needles, a +2 blowgun, the Incunabulum of Aerial Self-Knowledge, a +0 hand axe, a bread ration
     0 | D:1      | Reached XP level 1. HP: 17/17 MP: 2/2
   124 | D:1      | Reached XP level 2. HP: 25/25 MP: 3/3
   174 | D:1      | Reached skill level 1 in Dodging
   311 | D:1      | Reached skill level 3 in Fighting
   368 | D:1      | Reached XP level 3. HP: 27/31 MP: 4/4
  1397 | D:2      | Found a burning altar of Makhleb.
  1441 | D:2      | Noticed Ijyb
  1452 | D:2      | Killed Ijyb
  1452 | D:2      | Reached skill level 1 in Short Blades
  1452 | D:2      | Reached XP level 4. HP: 30/38 MP: 5/5
  2156 | D:4      | Noticed Grinder
  2157 | D:4      | Paralysed by Grinder for 7 turns
  2163 | D:4      | Killed from afar by Grinder

Vault maps used:
D:1:      scummos_arrival_hexagon
D:2:      lightli_temple_of_fire, first_bread, uniq_iyjb
D:4:      serial_shops, nicolae_shop_statue_plus, minmay_cupped, uniq_grinder

Skill      XL: |  1  2  3  4 |
---------------+-------------+-----
Dodging        | 1 2 |  2.1
Fighting       | 3 |  3.2
Short Blades   | 1 |  1.2
Stealth        | 2 |  2.1
Axes           | |  1.0
Throwing       | |  1.0
Spellcasting   | |  1.0
Hexes          | |  1.7
Poison Magic   | |  2.0

Action                   |  1- 3 |  4- 6 || total
-------------------------+-------+-------++-------
Melee: Spear             |    97 |    29 ||   126
       Hand axe          |     5 |       ||     5
 Stab: Sleeping          |     6 |     5 ||    11
  Eat: Meat ration       |       |     1 ||     1
